[Event "Titled Tuesday Blitz May 24 Early 2022"]
[White "Vo, Thi Kim Phung"]
[Black "Riehle, Marco"]
[WhiteFideId "12401838"]
[BlackFideId "12904392"]
[WhiteElo "2261"]
[BlackElo "2462"]
[Result "1-0"]
[Round "02"]
[TimeControl "180+1"]
[Date "2022.05.25"]
[WhiteClock "0:00:06"]
[BlackClock "0:01:00"]

1. d4 d5 2. c4 e6 3. Nc3 c5 4. cxd5 cxd4 5. Qxd4 Nc6 6. Qd1 exd5 7. Qxd5 Be6 8. Qxd8+ Rxd8 9. e3 Nb4 10. Bb5+ Ke7 11. Kf1 g5 12. Nf3 Nc2 13. Rb1 Bxa2 14. Nxa2 Rd1+ 15. Ke2 Rxh1 16. Bd3 g4 17. Nh4 Rxh2 18. Nf5+ Kd8 19. Bxc2 Ne7 20. Bd2 Nxf5 21. Bxf5 Bg7 22. Bxg4 Rxg2 23. Bf3 Rg6 24. Bxb7 h5 25. Nc3 Rb6 26. Bf3 h4 27. b4 h3 28. Nd5 Rd6 29. e4 Be5 30. Bg4 h2 31. Rh1 Rg6 32. f3 a6 33. Bf4 Bxf4 34. Nxf4 Rc6 35. Kf2 Rc4 36. Nd5 Rc2+ 37. Kg3 Rb2 38. Bf5 Rg8+ 39. Bg4 Rh8 40. Bf5 Ke8 41. Nf6+ Ke7 42. Nd5+ Kd6 43. Bg4 Ke5 44. Bf5 Kd4 45. Bg4 Kc4 46. Nc7 Ra2 47. Nd5 Rh6 48. Bh3 Rg6+ 49. Bg4 Rh6 50. Bh3 f5 51. Bxf5 Rh8 52. Bg4 Kd4 53. Bh3 Rg8+ 54. Bg4 Rh8 55. Bf5 Re2 56. Bg4 Rd2 57. Nc7 Ra2 58. Nd5 Kc4 59. Bh3 Rg8+ 60. Bg4 Rh8 61. Bh3 Rf8 62. Bg4 Rc2 63. Ne3+ Kd3 64. Nxc2 Kxc2 65. Rxh2+ Kb3 66. Rh6 Ra8 67. Rb6 Kc4 68. e5 Kd5 69. e6 Ke5 70. e7 Re8 71. Rb7 Kd6 72. Rb6+ Kc7 73. Rxa6 Rxe7 74. Ra7+ Kd6 75. Rxe7 Kxe7 76. Kf4 1-0


[Site "https://www.chess.com"]

[Event "Titled Tuesday Blitz May 24 Early 2022"]
[White "Volkov, Maksim"]
[Black "Chuemsakul, Sarocha"]
[WhiteFideId "54123070"]
[BlackFideId "6203710"]
[WhiteElo "2155"]
[BlackElo "1703"]
[Result "1-0"]
[Round "02"]
[TimeControl "180+1"]
[Date "2022.05.25"]
[WhiteClock "0:00:43"]
[BlackClock "0:00:20"]

1. d4 g6 2. c4 Bg7 3. g3 d6 4. Bg2 Nd7 5. Nc3 Ngf6 6. Nf3 O-O 7. O-O c5 8. e4 cxd4 9. Nxd4 a6 10. h3 Ne5 11. b3 Rb8 12. Be3 Bd7 13. f4 Nc6 14. Rc1 Qa5 15. Nxc6 Bxc6 16. Nd5 Nxd5 17. exd5 Bd7 18. Rc2 b5 19. c5 dxc5 20. Bxc5 Rfe8 21. Re2 e6 22. b4 Qd8 23. dxe6 Bxe6 24. Rd2 Qc8 25. Ba7 Rb7 26. Bxb7 Qxb7 27. Bc5 Bxh3 28. Re1 Rxe1+ 29. Qxe1 Bc3 30. Rd8+ Kg7 31. Bf8+ Kf6 32. Qxc3+ 1-0


[Site "https://www.chess.com"]

[Event "Titled Tuesday Blitz May 24 Early 2022"]
[White "Wagh Suyog"]
[Black "Redzisz, Michal"]
[WhiteFideId "25071688"]
[BlackFideId "21816107"]
[WhiteElo "2181"]
[BlackElo "2004"]
[Result "1-0"]
[Round "02"]
[TimeControl "180+1"]
[Date "2022.05.25"]
[WhiteClock "0:02:02"]
[BlackClock "0:00:31"]

1. e4 c5 2. Nf3 e6 3. d4 cxd4 4. Nxd4 a6 5. Bd3 Ne7 6. O-O Nbc6 7. Nb3 g6 8. c4 Bg7 9. Nc3 O-O 10. Be3 d5 11. exd5 exd5 12. cxd5 Nxd5 13. Nxd5 Qxd5 14. Qe2 Bg4 15. Qxg4 Qxd3 16. Nc5 Qb5 17. a4 Qb4 18. Qxb4 Nxb4 19. Nxb7 Nc2 20. Rab1 Nxe3 21. fxe3 Rab8 22. Nc5 Rxb2 23. Rxb2 Bxb2 24. Rb1 Rb8 25. Nxa6 Rb6 26. Nc5 Kg7 27. Kf1 Rf6+ 28. Ke2 Bc3 29. Ne4 Rc6 30. Rc1 Be1 1-0


[Site "https://www.chess.com"]

[Event "Titled Tuesday Blitz May 24 Early 2022"]
[White "Winkels, Marcel"]
[Black "Martin Carmona, Gaston Manuel"]
[WhiteFideId "1003887"]
[BlackFideId "22284567"]
[WhiteElo "1900"]
[BlackElo "2162"]
[Result "0-1"]
[Round "02"]
[TimeControl "180+1"]
[Date "2022.05.25"]
[WhiteClock "0:00:01"]
[BlackClock "0:00:16"]

1. e4 c5 2. Nc3 d6 3. d4 cxd4 4. Qxd4 Nc6 5. Qd2 g6 6. b3 Bh6 7. f4 Nf6 8. Bb2 O-O 9. O-O-O e5 10. Qxd6 Bxf4+ 11. Kb1 Be6 12. Nf3 Qa5 13. Qa3 Ng4 14. Qxa5 Nxa5 15. g3 Bh6 16. Re1 Nc6 17. h3 Nf6 18. Nd5 Bg7 19. Nxf6+ Bxf6 20. Bd3 a6 21. g4 h6 22. Rhf1 Bg7 23. Nd2 b5 24. Nf3 Rac8 25. Rd1 Rfd8 26. a3 f6 27. Be2 Rxd1+ 28. Rxd1 Kf7 29. a4 bxa4 30. Bxa6 Rb8 31. bxa4 Bf8 32. Bb5 Na7 33. Ne1 Nxb5 34. axb5 Rxb5 35. Kc1 Rb4 36. Nd3 Rxe4 37. Bc3 Rc4 38. Kd2 Be7 39. Rb1 Rc7 40. Rb6 Bd5 41. Rb5 Be6 42. Nb4 Rd7+ 43. Kc1 h5 44. gxh5 gxh5 45. h4 Ra7 46. Nc6 Rc7 47. Nxe7 Kxe7 48. Bb4+ Kf7 49. c3 Kg6 50. Rb6 Kf5 51. Kd2 Rc4 52. Kd3 Rxh4 0-1


[Site "https://www.chess.com"]

[Event "Titled Tuesday Blitz May 24 Early 2022"]
[White "Zakhartsov, Vladimir"]
[Black "Jeet, Jain"]
[WhiteFideId "4145097"]
[BlackFideId "5073022"]
[WhiteElo "2428"]
[BlackElo "2028"]
[Result "1-0"]
[Round "02"]
[TimeControl "180+1"]
[Date "2022.05.24"]
[WhiteClock "0:00:19"]
[BlackClock "0:00:02"]

1. c4 c5 2. Nf3 Nc6 3. g3 e5 4. Nc3 d6 5. Bg2 g6 6. d3 Bg7 7. Rb1 Nge7 8. a3 a5 9. O-O O-O 10. Ne1 Qd7 11. Nc2 b6 12. b4 axb4 13. axb4 Bb7 14. Nd5 Nxd5 15. Bxd5 Nd8 16. Ne3 Rb8 17. Bxb7 Rxb7 18. Nd5 Nc6 19. Be3 Ne7 20. Nc3 Ra8 21. Qb3 Rba7 22. bxc5 bxc5 23. Qb5 h5 24. Qxd7 Rxd7 25. Rb6 Bf8 26. Ne4 Kg7 27. Nxd6 Ra2 28. Re1 Nc6 29. Nxf7 Kxf7 30. Rxc6 Ra5 31. Rb1 Ra2 32. Kf1 Ra5 33. Rbb6 Ra1+ 34. Kg2 Ra2 35. Kf3 Be7 36. Rxg6 e4+ 37. dxe4 Rc2 38. e5 Ra7 39. Rh6 Rxc4 40. e6+ Kg7 41. Rxh5 Rc3 42. Rf5 c4 43. Rf7+ Kg6 44. Kg2 Rc7 45. Bf4 Ra7 46. Rc6 Rc2 47. Bd6 Bxd6 48. Rxa7 Bb4 49. e7+ Kf7 50. Rf6+ Ke8 51. Rf8# 1-0


[Site "https://www.chess.com"]

[Event "Titled Tuesday Blitz May 24 Early 2022"]
[White "Zavgorodniy, Sergiy"]
[Black "Buscar, Michael"]
[WhiteFideId "14110148"]
[BlackFideId "2603616"]
[WhiteElo "2420"]
[BlackElo "2010"]
[Result "1-0"]
[Round "02"]
[TimeControl "180+1"]
[Date "2022.05.25"]
[WhiteClock "0:00:14"]
[BlackClock "0:00:03"]

1. e4 e5 2. Nf3 Nc6 3. Bb5 a6 4. Bxc6 dxc6 5. O-O Bd6 6. d4 exd4 7. Qxd4 f6 8. Rd1 Bg4 9. Nbd2 Bxh2+ 10. Kxh2 Qxd4 11. Nxd4 Bxd1 12. Ne6 Rc8 13. Nxg7+ Kf7 14. Nf5 Bxc2 15. f3 Ne7 16. Ne3 Bd3 17. Nb3 b6 18. Bd2 Rhg8 19. Bc3 h5 20. Rh1 Rg5 21. Kg1 Rcg8 22. Kf2 a5 23. Rh2 f5 24. f4 Rg3 25. Rxh5 Bxe4 26. Rh7+ Ke8 27. Nd4 Nd5 28. Ndxf5 Bxf5 29. Nxf5 Rxg2+ 30. Kf3 Nxc3 31. bxc3 Rxa2 32. Rxc7 Rgg2 33. Nd4 c5 34. Nb5 Rgb2 35. c4 Rb4 36. f5 Ra1 37. Ke4 Rxc4+ 38. Kd5 Rf4 39. Nd6+ Kf8 40. Ke6 Re1+ 41. Kf6 Kg8 42. Rg7+ Kf8 43. Rf7+ Kg8 44. Rg7+ Kf8 45. Ra7 Kg8 46. Nf7 Re8 47. Nh6+ Kh8 48. Kg6 Rg4+ 49. Nxg4 Rg8+ 50. Kh5 Rf8 51. Nh6 a4 52. Kg6 a3 53. Rh7# 1-0


[Site "https://www.chess.com"]

[Event "Titled Tuesday Blitz May 24 Early 2022"]
[White "Zemlyanskii, Ivan"]
[Black "Makhnev, Denis"]
[WhiteFideId "24249971"]
[BlackFideId "13707647"]
[WhiteElo "1815"]
[BlackElo "2501"]
[Result "1-0"]
[Round "02"]
[TimeControl "180+1"]
[Date "2022.05.24"]
[WhiteClock "0:00:08"]
[BlackClock "0:00:02"]

1. d4 Nf6 2. c4 e6 3. Nf3 b6 4. e3 Bb7 5. Nc3 Bb4 6. Bd3 O-O 7. O-O Bxc3 8. bxc3 Ne4 9. Ne1 f5 10. f3 Nf6 11. Qe2 d6 12. e4 fxe4 13. fxe4 e5 14. c5 exd4 15. cxd6 cxd6 16. cxd4 Nc6 17. Bb2 Nb4 18. Bc4+ d5 19. exd5 Re8 20. Qd2 a5 21. d6+ Bd5 22. Bb5 Re6 23. Nf3 Bxf3 24. Rxf3 Rxd6 25. Bc4+ Kh8 26. Raf1 Rc8 27. Bb3 Nbd5 28. a4 h6 29. Rf5 Qd7 30. Ba3 Re6 31. Bxd5 Nxd5 32. Rf7 Qxa4 33. Bf8 Rg6 34. Bxg7+ Kg8 35. Bxh6 Qc4 36. Qf2 Qb4 37. Qf5 Rcc6 38. Rf8+ Kh7 39. Qf7+ Kxh6 40. Rh8+ Kg5 41. h4+ Kg4 42. Qf3# 1-0


[Site "https://www.chess.com"]

[Event "Titled Tuesday Blitz May 24 Early 2022"]
[White "Zhigalko, Sergei"]
[Black "Nguyen, Quoc Hy"]
[WhiteFideId "13502956"]
[BlackFideId "12410853"]
[WhiteElo "2662"]
[BlackElo "1938"]
[Result "1-0"]
[Round "02"]
[TimeControl "180+1"]
[Date "2022.05.24"]
[WhiteClock "0:00:01"]
[BlackClock "0:00:00"]

1. e4 c5 2. Nf3 d6 3. d4 cxd4 4. Qxd4 a6 5. Bc4 Nc6 6. Qd3 g6 7. Nc3 Bg7 8. Bg5 Nf6 9. Bb3 O-O 10. O-O-O Nd7 11. Qe3 Nc5 12. Kb1 Nxb3 13. axb3 Be6 14. Bh6 Qa5 15. Bxg7 Kxg7 16. Nd5 Bxd5 17. Rxd5 b5 18. c3 Rfd8 19. Rhd1 Rab8 20. h4 Qb6 21. Qd2 Na5 22. Qc2 e6 23. R5d4 h5 24. Ng5 Rbc8 25. g4 hxg4 26. h5 gxh5 27. e5 Rh8 28. Rxd6 Qc5 29. Rxe6 Nc6 30. Rf6 Nxe5 31. Rxf7+ Nxf7 32. Ne6+ Kf6 33. Nxc5 Rxc5 34. b4 Rf5 35. Rd7 Ne5 36. Rd6+ Kg5 37. Rd5 Rhf8 38. Qd2+ Kg6 39. Rd6+ R8f6 40. Rd8 Rf8 41. Rxf8 Rxf8 42. Qd6+ Rf6 43. Qxe5 Rxf2 44. Qe4+ Rf5 45. Kc2 g3 46. Qe6+ Kg5 47. Qg8+ Kf4 48. Kd3 Rg5 49. Qf7+ Rf5 50. Qg7 h4 51. Ke2 1-0


[Site "https://www.chess.com"]

[Event "Titled Tuesday Blitz May 24 Early 2022"]
[White "Zlatin, Alexander"]
[Black "Pham, Tran Gia Phuc"]
[WhiteFideId "2810549"]
[BlackFideId "12415669"]
[WhiteElo "2228"]
[BlackElo "1789"]
[Result "1-0"]
[Round "02"]
[TimeControl "180+1"]
[Date "2022.05.25"]
[WhiteClock "0:00:14"]
[BlackClock "0:00:11"]

1. d4 Nf6 2. Nc3 d5 3. Bf4 c5 4. e3 a6 5. dxc5 Nc6 6. Nf3 e6 7. Bd3 Bxc5 8. O-O O-O 9. e4 d4 10. e5 dxc3 11. exf6 cxb2 12. Rb1 Qxf6 13. Bg5 Qc3 14. Bd2 Qf6 15. Ng5 g6 16. Ne4 Qe7 17. Rxb2 Bd4 18. Rb1 f5 19. Ng5 Bf6 20. h4 b5 21. Re1 e5 22. c4 b4 23. c5 h6 24. Nf3 Kg7 25. Qc1 Rh8 26. h5 g5 27. Bxb4 e4 28. Bf1 Be6 29. Nd2 Rhc8 30. Ba3 a5 31. Rb6 Bf7 32. Bc4 Nb4 33. Bxf7 Nd3 34. Bd5 Nxc1 35. Rxc1 Rab8 36. Rcb1 Be5 37. Nc4 Rxb6 38. cxb6 Qf6 39. b7 Rb8 40. Nxa5 Qa6 41. Nc4 Bd4 42. Bd6 Qxa2 43. Bxb8 Qxb1+ 44. Kh2 Kh7 45. Bd6 Bxf2 46. Bg8+ Kg7 47. Be5+ Kxg8 48. b8=Q+ Qxb8 49. Bxb8 f4 50. Nd6 Bg3+ 51. Kg1 e3 52. Kf1 Kh7 53. Ne4 Bh4 54. Ke2 g4 55. Be5 Bg5 56. Nc5 Kg8 57. Nd3 Kf7 58. Bxf4 Bxf4 59. Nxf4 Kf6 60. Kxe3 Kg5 61. g3 Kf6 62. Ke4 Ke7 63. Kf5 Kf7 64. Ne2 Kg7 65. Kxg4 Kf6 66. Kh4 Ke6 67. g4 Kf6 68. Ng3 Ke5 69. g5 Kf4 70. gxh6 Kf3 71. h7 Kg2 72. h8=Q Kh2 73. Qb2+ Kg1 74. Ne4 Kh1 75. Kg3 Kg1 76. Qg2# 1-0


[Site "https://www.chess.com"]

[Event "Titled Tuesday Blitz May 24 Early 2022"]
[White "Zorbos"]
[Black "Silvestre, Christian"]
[BlackFideId "30956269"]
[WhiteElo "2500"]
[BlackElo "2266"]
[Result "1-0"]
[Round "02"]
[TimeControl "180+1"]
[Date "2022.05.25"]
[WhiteClock "0:00:44"]
[BlackClock "0:00:04"]

1. e4 c6 2. d3 d5 3. Nf3 g6 4. e5 Bg7 5. d4 f6 6. Bd3 fxe5 7. dxe5 Nh6 8. O-O Nf7 9. Re1 O-O 10. c4 e6 11. Bf4 Nd7 12. Nc3 Nc5 13. Bf1 Re8 14. b4 Na6 15. a3 Nc7 16. Nd4 dxc4 17. Bxc4 Nd5 18. Bxd5 cxd5 19. Rc1 Bd7 20. Ncb5 Re7 21. Nd6 Qb6 22. Be3 Nxe5 23. N4f5 gxf5 24. Bxb6 axb6 25. f4 Nc6 26. Nxf5 exf5 27. Qxd5+ Kf8 28. Rxe7 Kxe7 29. Re1+ Ne5 30. Rxe5+ Bxe5 31. fxe5 Rxa3 32. Qd6+ Ke8 33. e6 Bc6 34. e7 Ra1+ 35. Kf2 Ra2+ 36. Ke3 1-0


[Site "https://www.chess.com"]

[Event "Titled Tuesday Blitz May 24 Early 2022"]
[White "Ajay Krishna, S"]
[Black "Ciuffoletti, Paolo"]
[WhiteFideId "5096430"]
[BlackFideId "807630"]
[WhiteElo "2247"]
[BlackElo "2143"]
[Result "1-0"]
[Round "03"]
[TimeControl "180+1"]
[Date "2022.05.25"]
[WhiteClock "0:01:36"]
[BlackClock "0:00:01"]

1. d4 d5 2. c4 c6 3. Nf3 Nf6 4. e3 Bf5 5. Nc3 e6 6. Bd3 Bxd3 7. Qxd3 Nbd7 8. O-O Bd6 9. e4 dxe4 10. Nxe4 Nxe4 11. Qxe4 O-O 12. Bg5 Qe8 13. Rfe1 h6 14. Bh4 Be7 15. Bg3 Nf6 16. Qc2 c5 17. d5 exd5 18. Bd6 Ne4 19. Bxe7 Qxe7 20. cxd5 f5 21. Nd2 Rae8 22. f3 Qg5 23. fxe4 f4 24. Nf3 Qh5 25. e5 g5 26. e6 g4 27. Ne5 Rf5 28. Nf7 f3 29. Qxf5 1-0


[Site "https://www.chess.com"]

[Event "Titled Tuesday Blitz May 24 Early 2022"]
[White "Alinasab, Mobina"]
[Black "De Arruda, Leandro Formes"]
[WhiteFideId "12528897"]
[BlackFideId "22722009"]
[WhiteElo "2031"]
[BlackElo "1852"]
[Result "1-0"]
[Round "03"]
[TimeControl "180+1"]
[Date "2022.05.25"]
[WhiteClock "0:01:55"]
[BlackClock "0:00:04"]

1. Nf3 e6 2. g3 d5 3. Bg2 Nf6 4. O-O Be7 5. d4 O-O 6. b3 b6 7. Bb2 Bb7 8. Ne5 Nbd7 9. c4 a5 10. Nc3 Rc8 11. cxd5 exd5 12. Bh3 Bd6 13. Nb5 Bxe5 14. dxe5 Ne4 15. e6 fxe6 16. Bxe6+ Kh8 17. Bxd5 Nxf2 18. Rxf2 Rxf2 19. Bxb7 Rf5 20. Bxc8 Qxc8 21. Nd4 Rf7 22. Nf3 Nc5 23. Qd4 Ne6 24. Qe5 h6 25. Rd1 Nf8 26. Qh5 Qf5 27. Qxh6+ Kg8 28. Qe3 c5 29. Qd3 Qg6 30. Qxg6 Nxg6 31. Ng5 Rf5 32. Rd8+ Nf8 33. Ne6 Rf7 34. Rxf8+ Rxf8 35. Nxf8 Kxf8 36. Be5 1-0


[Site "https://www.chess.com"]

[Event "Titled Tuesday Blitz May 24 Early 2022"]
[White "Al-Tarboush, Ward"]
[Black "Timofeev, Artyom"]
[WhiteFideId "7601450"]
[BlackFideId "4140419"]
[WhiteElo "2294"]
[BlackElo "2594"]
[Result "0-1"]
[Round "03"]
[TimeControl "180+1"]
[Date "2022.05.25"]
[WhiteClock "0:00:03"]
[BlackClock "0:00:13"]

1. e4 c6 2. Nf3 d5 3. Nc3 Bg4 4. h3 Bh5 5. d4 e6 6. Bd3 Nd7 7. Be3 Bb4 8. O-O Ne7 9. Re1 h6 10. a3 Bxc3 11. bxc3 dxe4 12. Bxe4 O-O 13. Rb1 b5 14. Bf4 Nf6 15. Bd3 Ned5 16. Bd2 Nb6 17. g4 Bg6 18. Bxg6 fxg6 19. Rxe6 Nc4 20. Qe2 Qd5 21. Re1 Rae8 22. Rxe8 Rxe8 23. Be3 Ne4 24. Nh4 Qf7 25. Qd3 Kh7 26. Kg2 Ned6 27. Bd2 Rf8 28. Re2 Nxa3 29. Bc1 Nac4 30. Nf3 Qd5 31. Kg3 Re8 32. Rxe8 Nxe8 33. Nh4 Qf7 34. f4 Ned6 35. f5 gxf5 36. gxf5 Qf6 37. Bf4 a5 38. Kg4 a4 39. Nf3 a3 40. Bxd6 Nxd6 41. c4 bxc4 42. Qxa3 Qxf5+ 43. Kg3 Ne4+ 44. Kg2 Qf4 45. Ne5 Qf2+ 46. Kh1 Ng3+ 0-1


[Site "https://www.chess.com"]

[Event "Titled Tuesday Blitz May 24 Early 2022"]
[White "Andreikin, Dmitry"]
[Black "Csonka, Balazs"]
[WhiteFideId "4158814"]
[BlackFideId "742910"]
[WhiteElo "2736"]
[BlackElo "2404"]
[Result "1-0"]
[Round "03"]
[TimeControl "180+1"]
[Date "2022.05.24"]
[WhiteClock "0:00:59"]
[BlackClock "0:00:02"]

1. Nf3 Nf6 2. c4 b6 3. g3 Bb7 4. Bg2 e6 5. O-O Be7 6. d4 O-O 7. Re1 Na6 8. b3 c5 9. d5 exd5 10. Nh4 Nc7 11. Nf5 Re8 12. Nc3 Bf8 13. Bg5 Re5 14. Qc2 Rb8 15. Bf4 Qe8 16. cxd5 Ncxd5 17. Nxd5 Nxd5 18. Bxe5 Qxe5 19. Rad1 Re8 20. e4 Nb4 21. Qb1 d6 22. a3 Nc6 23. b4 g6 24. bxc5 dxc5 25. Ne3 Nd4 26. h3 Bh6 27. Ng4 Qg7 28. e5 Bxg2 29. Nf6+ Kf8 30. Nxe8 Kxe8 31. Kxg2 Kf8 32. a4 f5 33. exf6 Qb7+ 34. Qe4 Qxe4+ 35. Rxe4 1-0


[Site "https://www.chess.com"]

[Event "Titled Tuesday Blitz May 24 Early 2022"]
[White "Araujo Filho, Luiz Antonio Coel"]
[Black "Ambartsumova, Karina"]
[WhiteFideId "2130661"]
[BlackFideId "4166299"]
[WhiteElo "2247"]
[BlackElo "2262"]
[Result "1-0"]
[Round "03"]
[TimeControl "180+1"]
[Date "2022.05.25"]
[WhiteClock "0:00:11"]
[BlackClock "0:00:23"]

1. d4 Nf6 2. Nf3 g6 3. c4 Bg7 4. Nc3 O-O 5. e4 d6 6. Be2 e5 7. dxe5 dxe5 8. O-O Qe7 9. Qc2 c6 10. Rd1 a5 11. Na4 Bg4 12. h3 Bxf3 13. Bxf3 Nbd7 14. Be3 b5 15. Nb6 Nxb6 16. Bxb6 Rfb8 17. Be3 b4 18. Rd2 Nd7 19. Rad1 Nc5 20. Rd6 Ne6 21. Rxc6 Rc8 22. Rxc8+ Rxc8 23. b3 Nd4 24. Bxd4 exd4 25. Qd3 Qc5 26. g3 h5 27. Kg2 Be5 28. Be2 Rd8 29. f4 Bg7 30. Bf3 f6 31. e5 fxe5 32. Qxg6 exf4 33. Bd5+ Kh8 34. Be4 Kg8 35. gxf4 Kf8 36. Bd5 Rxd5 37. cxd5 Qxd5+ 38. Kh2 Qf3 39. Rg1 Qxf4+ 40. Kh1 Qf3+ 41. Qg2 Qxg2+ 42. Rxg2 Be5 43. Rd2 Ke7 44. Kg2 Ke6 45. Kf3 Kd5 46. Rg2 h4 47. Ke2 Ke4 48. Rg4+ Bf4 49. Rxh4 d3+ 50. Kd1 Ke3 51. Rxf4 Kxf4 52. Kd2 Kg3 53. Kxd3 Kxh3 54. Kc4 Kg4 55. Kb5 Kf3 56. Kxa5 Ke3 57. Kxb4 Kd3 58. a4 Kc2 59. a5 Kb2 60. a6 Kb1 61. a7 Kb2 62. a8=Q Kb1 63. Qb7 Kb2 64. Kc4 Kb1 65. b4 Kb2 66. Qg2+ Kb1 67. b5 1-0


[Site "https://www.chess.com"]

[Event "Titled Tuesday Blitz May 24 Early 2022"]
[White "Artemenko, Oleg"]
[Black "Lopez, Henry"]
[WhiteFideId "14201798"]
[BlackFideId "5203830"]
[WhiteElo "2287"]
[BlackElo "2177"]
[Result "1-0"]
[Round "03"]
[TimeControl "180+1"]
[Date "2022.05.25"]
[WhiteClock "0:01:52"]
[BlackClock "0:01:01"]

1. d4 Nf6 2. Nc3 d5 3. Bf4 a6 4. e3 c5 5. dxc5 e6 6. Na4 Bxc5 7. Nxc5 Qa5+ 8. c3 Qxc5 9. Nf3 Nc6 10. Bd3 h6 11. O-O Nh5 12. Be5 Nxe5 13. Nxe5 Nf6 14. a4 O-O 15. a5 Qc7 16. f4 Bd7 17. Rf3 Bc6 18. Rg3 Kh8 19. Bc2 Rad8 20. Rh3 Kg8 21. Qe2 Bb5 22. Qf3 Ne4 23. Qh5 f5 24. Bxe4 dxe4 25. Rg3 Rf6 26. Rg6 Be8 27. g4 Bxg6 28. Nxg6 Qf7 29. Ne5 Qxh5 30. gxh5 Rff8 31. Rf1 Rd2 32. Rf2 Rfd8 33. Nc4 Rxf2 34. Kxf2 Kf7 35. Ke2 Kf6 36. Ne5 Rd5 37. b4 Rxe5 38. fxe5+ Kxe5 39. c4 f4 40. exf4+ Kxf4 41. b5 Ke5 42. Ke3 Kd6 43. Kd4 e5+ 44. Kxe4 Kc5 45. bxa6 bxa6 46. Kxe5 Kxc4 47. Ke6 Kb5 48. Kf7 Kxa5 49. Kxg7 Kb5 50. Kxh6 a5 51. Kg6 a4 52. h6 a3 53. h7 a2 54. h8=Q 1-0


[Site "https://www.chess.com"]

[Event "Titled Tuesday Blitz May 24 Early 2022"]
[White "Avinash, Ramesh"]
[Black "Harris, Ian"]
[WhiteFideId "45018340"]
[BlackFideId "2020092"]
[WhiteElo "1875"]
[BlackElo "2434"]
[Result "1-0"]
[Round "03"]
[TimeControl "180+1"]
[Date "2022.05.25"]
[WhiteClock "0:00:06"]
[BlackClock "0:00:12"]

1. d4 d5 2. c4 e6 3. Nc3 Nf6 4. cxd5 exd5 5. Bg5 c6 6. e3 Bd6 7. Bd3 O-O 8. Nge2 Re8 9. Qc2 h6 10. Bh4 a5 11. Bg3 Na6 12. a3 Nc7 13. O-O Ne6 14. Rad1 Ng5 15. Bxd6 Qxd6 16. Ng3 h5 17. Rde1 h4 18. Nf5 Bxf5 19. Bxf5 Re7 20. f4 Nge4 21. Rf3 g6 22. Bxe4 Nxe4 23. Nxe4 Rxe4 24. f5 g5 25. f6 Kh7 26. h3 Re8 27. Ref1 Kh6 28. Qf2 Qe6 29. Re1 Rxd4 30. g3 Re4 31. gxh4 Rxh4 32. Qg2 d4 33. Rg3 Rg8 34. e4 c5 35. e5 c4 36. Rg4 d3 37. Ree4 Rh5 38. Rxc4 Qxe5 39. Rce4 Qc5+ 40. Kh2 Qd6+ 41. Qg3 d2 42. Qxd6 Rc8 43. Qxd2 Kg6 44. Qg2 Rc6 45. Re3 Rxf6 46. Reg3 Rf5 47. h4 f6 48. Rxg5+ fxg5 49. Rh3 Rh6 50. Qxb7 Kh5 51. Qg2 Rg6 52. hxg5# 1-0


[Site "https://www.chess.com"]

[Event "Titled Tuesday Blitz May 24 Early 2022"]
[White "Avramidou, Anastasia"]
[Black "Martin, Lewis"]
[WhiteFideId "4239873"]
[BlackFideId "410551"]
[WhiteElo "2183"]
[BlackElo "2145"]
[Result "0-1"]
[Round "03"]
[TimeControl "180+1"]
[Date "2022.05.25"]
[WhiteClock "0:00:02"]
[BlackClock "0:00:02"]

1. c4 c6 2. Nc3 d5 3. cxd5 cxd5 4. d4 Nf6 5. Nf3 Nc6 6. Bf4 a6 7. e3 e6 8. Bd3 Bd6 9. Bg5 h6 10. Bh4 O-O 11. O-O b5 12. Rc1 Bb7 13. Qe2 Na5 14. Nb1 Nc4 15. b3 Nb6 16. Ne5 Be7 17. Nc6 Bxc6 18. Rxc6 Rc8 19. Rfc1 Rxc6 20. Rxc6 Qb8 21. Bg3 Qd8 22. Qc2 Nfd7 23. Bc7 Qa8 24. Bxb6 Nxb6 25. g3 Rc8 26. Rxc8+ Qxc8 27. Qd2 b4 28. Kg2 a5 29. Qe2 a4 30. bxa4 Nxa4 31. Qd1 Nb2 32. Qb3 Nxd3 33. Qxd3 Qc1 34. Nd2 Qb2 35. Nf3 Qxa2 36. Qb5 Bf6 37. Qe8+ Kh7 38. Qxf7 b3 39. Qxe6 b2 40. Qf5+ Kg8 41. Nd2 Qa1 42. Nb1 Qa2 43. Qc2 Be7 44. Nc3 Qa3 45. Nxd5 Qa8 46. e4 Ba3 47. Qb3 Kh7 48. f3 Qa5 0-1


[Site "https://www.chess.com"]

[Event "Titled Tuesday Blitz May 24 Early 2022"]
[White "Baches Garcia, Guillermo"]
[Black "Gabrielian, Artur"]
[WhiteFideId "2209764"]
[BlackFideId "4131002"]
[WhiteElo "2518"]
[BlackElo "2440"]
[Result "0-1"]
[Round "03"]
[TimeControl "180+1"]
[Date "2022.05.25"]
[WhiteClock "0:00:02"]
[BlackClock "0:01:19"]

1. e4 c5 2. Nf3 d6 3. d4 cxd4 4. Qxd4 Nc6 5. Bb5 Bd7 6. Qd3 Nf6 7. c4 Ne5 8. Bxd7+ Nfxd7 9. Nxe5 Nxe5 10. Qb3 Rc8 11. O-O Nxc4 12. Qxb7 Qd7 13. Qb3 g6 14. Nd2 Ne5 15. f4 Nc6 16. Qc3 Rg8 17. Nf3 Bg7 18. Qe1 Qb7 19. Rb1 Nb4 20. Be3 Nc2 21. Qd2 Nxe3 22. Qxe3 Qb6 23. Qxb6 axb6 24. Rfc1 Kd7 25. b3 Rc5 26. Ne1 Bd4+ 27. Kf1 Rxc1 28. Rxc1 Be3 29. Rc4 Bxf4 30. g3 Be5 31. Nd3 Bf6 32. a4 Rb8 33. Nb4 e6 34. Ke2 b5 35. axb5 Rxb5 36. Kd3 h5 37. Kc2 h4 0-1


[Site "https://www.chess.com"]

[Event "Titled Tuesday Blitz May 24 Early 2022"]
[White "Bachmann, Axel"]
[Black "Chernomordik, Pavel"]
[WhiteFideId "3700488"]
[BlackFideId "2804530"]
[WhiteElo "2587"]
[BlackElo "2220"]
[Result "1-0"]
[Round "03"]
[TimeControl "180+1"]
[Date "2022.05.25"]
[WhiteClock "0:00:36"]
[BlackClock "0:00:08"]

1. e4 g6 2. d4 Bg7 3. Nf3 d6 4. Bc4 e6 5. Qe2 b6 6. Nc3 Bb7 7. Bg5 Ne7 8. h4 h6 9. Bf4 a6 10. a4 Nd7 11. Rd1 Qc8 12. Bg3 Ra7 13. h5 g5 14. Nh2 Qa8 15. f3 e5 16. d5 Nf6 17. Ng4 Bc8 18. Ne3 Bd7 19. Bf2 Qc8 20. a5 b5 21. Bd3 Rb7 22. Na2 O-O 23. Nb4 Rb8 24. c3 Ne8 25. g3 f5 26. exf5 Nxf5 27. Nxf5 Bxf5 28. Nc6 Bxd3 29. Rxd3 Rf7 30. Nxb8 Qxb8 31. b4 Qc8 32. Kf1 c6 33. dxc6 Qxc6 34. Qe4 Qc8 35. Kg2 Nf6 36. Qg6 Rd7 37. Rhd1 Qc6 38. Qf5 e4 39. Qe6+ Kh8 40. Rxd6 exf3+ 41. Kg1 Rxd6 42. Rxd6 Qc7 43. Bb6 Qxc3 44. Rd8+ 1-0


[Site "https://www.chess.com"]

[Event "Titled Tuesday Blitz May 24 Early 2022"]
[White "Bacrot, Etienne"]
[Black "Vo, Thi Kim Phung"]
[WhiteFideId "605506"]
[BlackFideId "12401838"]
[WhiteElo "2673"]
[BlackElo "2261"]
[Result "1-0"]
[Round "03"]
[TimeControl "180+1"]
[Date "2022.05.25"]
[WhiteClock "0:00:13"]
[BlackClock "0:00:06"]

1. d4 Nf6 2. Nf3 d5 3. Bf4 c5 4. e3 Nc6 5. Nbd2 cxd4 6. exd4 Bf5 7. c3 e6 8. Qb3 Qb6 9. Nh4 Be4 10. f3 Bg6 11. Nxg6 hxg6 12. Qxb6 axb6 13. Bc7 Nd7 14. Bd3 Be7 15. Ke2 Bd8 16. Bg3 Bf6 17. a3 Be7 18. h4 Nf6 19. Bf2 Nh5 20. g3 Bd6 21. Rhg1 Ke7 22. Rae1 Kd7 23. Kf1 Rae8 24. Kg2 Kc7 25. Rc1 Kb8 26. c4 Bc7 27. c5 bxc5 28. dxc5 e5 29. b4 f5 30. b5 Na5 31. b6 Bd8 32. Bb5 Nc6 33. Bxc6 bxc6 34. Nb3 f4 35. g4 Ng3 36. Bxg3 fxg3 37. Rh1 e4 38. Na5 exf3+ 39. Kxg3 Re6 40. g5 Rf8 41. Rcf1 d4 42. Rxf3 Rxf3+ 43. Kxf3 Re3+ 44. Kf4 Rxa3 45. Nxc6+ Kc8 46. b7+ Kxb7 47. Nxd8+ Kc7 48. Ne6+ Kc6 49. Nxd4+ Kxc5 50. Nf3 Ra4+ 51. Kg3 Kd5 52. Re1 Kd6 53. Re8 Ra7 54. Kf4 Ra4+ 55. Re4 Ra7 56. Ne5 Ke6 57. Nxg6+ Kf7 58. Ne5+ Kg8 59. h5 Ra1 60. Nf3 Kf7 61. Rd4 Ke7 62. Kg3 Ra2 63. Rf4 Ke8 64. g6 Ra5 65. Kg4 Ra7 66. Nh4 Rb7 67. Nf5 Ra7 68. Nd6+ Kd8 69. Rf8+ Ke7 70. Rf7+ Ke6 71. Rxa7 1-0


[Site "https://www.chess.com"]